 Dungeon Crawl Stone Soup version 0.28.0 (webtiles) character file.

Game seed: 15393799349633340261

1708 rabbitsville the Spear-Bearer (level 9, 0/108 HPs)
             Began as a Merfolk Gladiator on Feb 16, 2022.
             Succumbed to an adder's poison
             ... on level 5 of the Dungeon.
             The game lasted 00:30:45 (4592 turns).

rabbitsville the Spear-Bearer (Merfolk Gladiator)   Turns: 4592, Time: 00:30:46

Health: 0/108      AC: 24    Str: 16 (18) XL:     9   Next: 3%
Magic:  9/9        EV:  2    Int: 11 (14) God:
Gold:   193        SH:  0    Dex: 12 (15) Spells: 8/8 levels left

rFire   + . .      SeeInvis .   k - +1 spear (venom)
rCold   + . .      Faith    .   (no shield)
rNeg    . . .      Spirit   .   (armour currently unavailable)
rPois   +          Reflect  .   (helmet currently unavailable)
rElec   +          Harm     .   (cloak currently unavailable)
rCorr   +          Rampage  .   (gloves currently unavailable)
Will    .....      NoTele   +   (boots currently unavailable)
Stlth   +.........              (no amulet)
HPRegen 0.28/turn               m - +6 ring of intelligence
MPRegen 0.11/turn               p - ring of resist corrosion

@: mighty, brilliant, lethally poisoned (0 -> -1), tree-form, resistant, hasted,
very quick
A: stationary, stasis, torment immunity, boosted hp, (nimble swimmer 2),
(mertail)
a: no special abilities


You were on level 5 of the Dungeon.
You were a tree.
You visited 1 branch of the dungeon, and saw 7 of its levels.
You also visited: Sewer.

You collected 193 gold pieces.

Inventory:

Hand Weapons
 a - a +0 trident
 k - a +1 spear of venom (weapon)
Missiles
 d - 3 throwing nets (quivered)
 q - 4 poisoned darts
 C - 2 silver boomerangs
Armour
 b - a +0 leather armour
 c - a +0 helmet
 n - the +0 helmet of Recklessness (melded) {-Cast Fly Regen+ SInv}
   (You found it on level 2 of the Dungeon)

   SInv:      It lets you see invisible.
   Fly:       It grants you flight.
   -Cast:     It prevents spellcasting.
   Regen:     It increases your rate of health regeneration.
 x - a +0 scale mail (melded)
 E - a +0 pair of gloves (melded)
Jewellery
 m - a +6 ring of intelligence (left branch)
 p - a ring of resist corrosion (right branch)
 D - a ring of fire
Wands
 y - a wand of flame (9)
Scrolls
 f - 2 scrolls of identify
 g - 2 scrolls of vulnerability {unknown}
 j - 2 scrolls of immolation {unknown}
 l - 3 scrolls of magic mapping
 o - 2 scrolls of torment {unknown}
 t - 2 scrolls of teleportation {unknown}
 v - a scroll of amnesia {unknown}
 w - a scroll of holy word {unknown}
 z - a scroll of fear {unknown}
Potions
 e - a potion of haste
 i - a potion of resistance
 r - a potion of might
 B - a potion of brilliance


   Skills:
 + Level 7.3 Fighting
 - Level 12.0 Polearms
 - Level 2.0 Throwing
 + Level 7.4 Dodging


You had 8 spell levels left.
You didn't know any spells.
Your spell library contained the following spells:

 Spells                   Type           Power      Damage    Failure   Level
 Ensorcelled Hibernation  Hex/Ice        0%         N/A       47%         2
 Spider Form              Tmut/Pois      0%         N/A       71%         3
 Anguish                  Hex/Necr       0%         N/A       98%         4


Dungeon Overview and Level Annotations

Branches:
Dungeon (7/15)              Sewer (visited)
 Temple: D:4-7

Altars:

Annotations:
D:2 1 runed translucent door, Crazy Yiuf


Innate Abilities, Weirdness & Mutations

You are a tree.
Your roots penetrate the ground, keeping you stationary.
You cannot be teleported.
You are immune to unholy pain and torment.
Your maximum health is greatly increased.
Your equipment is partially melded.
((You are very nimble when in or above water. (Stealth+, EV+, Speed+++)))
((Your lower body shifts to a powerful aquatic tail in water.))


Message History

The adder is lightly wounded.
You feel sick. The adder barely misses you.
You hit the ogre.
The ogre is poisoned.
The ogre is lightly wounded.
You feel sick. The ogre hits you with a +0 giant club!
* * * LOW HITPOINT WARNING * * *
The adder closely misses you.
You feel sick. The adder closely misses you.
It was a potion of haste.
You feel yourself speed up.
You feel sick. The adder closely misses you.
The adder bites you but does no damage.
It was a potion of resistance.
You feel protected.
The adder bites you but does no damage. x2
It was a potion of might.
You feel very mighty all of a sudden.
You feel sick. The adder closely misses you. x2
It was a potion of brilliance.
You feel clever all of a sudden.
You feel sick. The adder bites you.
* * * LOW HITPOINT WARNING * * *
The adder bites you but does no damage.
It was a potion of degeneration.
There was something very wrong with that liquid.
You feel weakened.
You feel dopey.
You feel clumsy. The ogre barely misses you. The adder bites you.
* * * LOW HITPOINT WARNING * * *
The adder barely misses you.
It was a potion of lignification.
You turn into a tree.
The +0 helmet of Recklessness {-Cast Fly Regen+ SInv} melds into your body.
Your +0 pair of gloves melds into your body.
Your +0 scale mail melds into your body.
You float gracefully downwards.
Your roots penetrate the ground.
* * * LOW HITPOINT WARNING * * *
You feel sick. The adder bites you but does no damage. The adder bites you.
* * * LOW HITPOINT WARNING * * *
The ogre barely misses you.
You puncture the adder!
You kill the adder!
You closely miss the orc.
You die...

..........###'##.
#'##...........O.
#..#....Z.So...Z.
#..#####S#...y...
#<..)....#.......
#.....O..#######.
#†.##....# ##
##S.##....#
#♣o.#.....#
#....'.O.#.....#
##..###.###'##.#
## ###.#....###
#...#....#
#...#....#
#...#....#
#.###....#
#....#####


You could see an ogre (very poisoned), an adder (poisoned) and an orc.

Vanquished Creatures
  A hornet (D:5)
  Grinder (D:3)
  Menkaure (D:4)
  A sky beast (D:6)
  2 centaurs
  2 necrophages (D:4)
  A phantom (D:4)
  A kobold brigand (D:3)
  A scorpion (D:5)
  A killer bee (D:4)
  A howler monkey (D:5)
  A bullfrog zombie (D:4)
  A centaur zombie (D:5)
  2 orc priests
  2 iguanas
  A scorpion zombie (D:5)
  Terence (D:3)
  A hound zombie (D:5)
  9 gnolls
  A river rat (Sewer)
  7 adders
  An adder skeleton (D:4)
  2 worms
  2 dart slugs
  10 orcs
  2 endoplasms
  3 giant cockroaches
  4 goblins
  4 hobgoblins
  6 jackals
  3 kobolds
  5 quokkas
  6 ball pythons
  5 frilled lizards
  6 rats
98 creatures vanquished.

Vanquished Creatures (others)
  7 plants
7 creatures vanquished.

Grand Total: 105 creatures vanquished

Notes
Turn   | Place    | Note
-------+----------+-------------------------------------------
     0 | D:1      | rabbitsville the Merfolk Gladiator began the quest for the
                  | Orb.
     0 | D:1      | Reached XP level 1. HP: 16/16 MP: 1/1
   387 | D:1      | Reached XP level 2. HP: 20/23 MP: 2/2
   745 | D:2      | Reached skill level 5 in Polearms
   795 | D:2      | Identified the +0 helmet of Recklessness {-Cast Fly Regen+
                  | SInv}
   857 | D:2      | Reached XP level 3. HP: 29/29 MP: 3/3
  1033 | D:2      | Found a runed translucent door.
  1034 | D:2      | Noticed Crazy Yiuf
  1617 | D:3      | Noticed a kobold brigand
  1649 | D:3      | Noticed Terence
  1702 | D:3      | Killed Terence
  1703 | D:3      | Reached XP level 4. HP: 32/35 MP: 4/4
  1709 | D:3      | Killed a kobold brigand
  1710 | D:3      | Reached skill level 6 in Polearms
  1710 | D:3      | Reached XP level 5. HP: 32/42 MP: 5/5
  2052 | D:3      | Found a glowing drain.
  2057 | Sewer    | Entered a sewer
  2124 | Sewer    | Reached skill level 7 in Polearms
  2311 | Sewer    | Reached XP level 6. HP: 48/50 MP: 6/6
  2506 | D:3      | Reached skill level 5 in Fighting
  2560 | D:3      | Found a faded altar of an unknown god.
  2732 | D:3      | Noticed Grinder
  2733 | D:3      | Paralysed by Grinder for 4 turns
  2743 | D:3      | Paralysed by Grinder for 4 turns
  2755 | D:3      | Killed Grinder
  2756 | D:3      | Reached skill level 8 in Polearms
  2756 | D:3      | Reached XP level 7. HP: 32/56 MP: 7/7
  3039 | D:4      | Reached skill level 5 in Dodging
  3113 | D:4      | Reached skill level 9 in Polearms
  3645 | D:4      | Noticed Menkaure
  3664 | D:4      | Killed Menkaure
  3665 | D:4      | Reached skill level 10 in Polearms
  3665 | D:4      | Reached XP level 8. HP: 35/64 MP: 8/8
  3826 | D:5      | Entered Level 5 of the Dungeon
  4125 | D:5      | Noticed a vampire
  4131 | D:5      | Noticed a hornet
  4157 | D:5      | You are sucked into a shaft and drop 2 floors!
  4433 | D:6      | Reached skill level 11 in Polearms
  4449 | D:6      | Noticed a troll
  4556 | D:5      | Paralysed by a hornet for 2 turns
  4573 | D:5      | Killed a hornet
  4574 | D:5      | Reached skill level 12 in Polearms
  4574 | D:5      | Reached XP level 9. HP: 16/72 MP: 9/9
  4588 | D:5      | HP: 2/72 [adder (2)]
  4592 | D:5      | Succumbed to an adder's poison

Illustrated notes

Levels and vault maps discovered:
D:1:      lightli_arrival_windingriver, layout_loops_ring
D:2:      layout_basic, uniq_crazy_yiuf_cottage
D:3:      layout_basic, portal_sewer_entry_e,
          shapermc_ecumenical_altar_mp_vishouse, uniq_terence, uniq_grinder
D:4:      layout_basic, serial_bayou_lagoon_b, uniq_menkaure
D:5:      cheibrodos_fzero, layout_gridville, amcnicky_mini_pool_small,
          kennysheep_generic_room_8
D:6:      minmay_opposing_rooms, layout_gridville,
          minmay_temple_entry_stoned_glass, uniq_prince_ribbit1
D:7:      layout_rooms, minmay_misc_feat_secret_circle

Skill      XL: |  1  2  3  4  5  6  7  8 |
---------------+-------------------------+-----
Polearms       | 5 6 7 8 10 12 | 12.0
Fighting       | 3 4 5 6 7 |  7.3
Dodging        | 5 7 |  7.4
Throwing       | |  2.0

Action                   |  1- 3 |  4- 6 |  7- 9 || total
-------------------------+-------+-------+-------++-------
Melee: Trident           |    21 |       |       ||    21
       Spear             |    46 |   136 |   277 ||   459
       Punch             |       |     3 |     3 ||     6
  Use: Scroll            |       |       |     6 ||     6
       Potion            |       |       |    10 ||    10
 Stab: Sleeping          |     2 |       |       ||     2
Armor: Leather armour    |     5 |    16 |       ||    21
       Scale mail        |       |     3 |    99 ||   102
       Skin              |       |       |     1 ||     1
Dodge: Dodged            |    45 |    53 |   150 ||   248
